 Dungeon Crawl Stone Soup version 0.30-a0-778-g2ef04afb54 (console) character file.

Game seed: 1778848009880951175

469 rlgrobin the Cleaver (level 7, -3/57 HPs)
             Began as a Meteoran Fighter on Feb 15, 2023.
             Was an Initiate of Trog.
             Slain by a cyan ugly thing (5 damage)
             ... on level 7 of the Dungeon.
             The game lasted 00:04:35 (881 turns).

rlgrobin the Cleaver (Meteoran Fighter)              Turns: 881, Time: 00:04:36

Health: -3/57      AC: 12    Str: 25    XL:     7   Next: 57%
Magic:  8/8        EV: 10    Int: 11    God:    Trog [......]
Gold:   46         SH:  5    Dex: 13    Spells: 6/6 levels left

rFire   . . .      SeeInvis .    a - +0 war axe
rCold   . . .      Faith    .    c - +0 buckler
rNeg    . . .      Spirit   .    n - +4 ring mail
rPois   .          Reflect  .    (no helmet)
rElec   .          Harm     .    (no cloak)
rCorr   .          Rampage  .    j - +0 pair of gloves
Will    .....                    i - +0 pair of boots
Stlth   +                        (no amulet)
HPRegen 0.29/turn                k - +6 ring of strength
MPRegen 0.11/turn                (no ring)

@: spiked, glowing
A: sense surroundings 1, otherworldly, glowing, explore regen
a: Renounce Religion


You were on level 7 of the Dungeon.
You worshipped Trog.
Trog was noncommittal.
You visited 1 branch of the dungeon, and saw 7 of its levels.

You collected 46 gold pieces.

Inventory:

Hand Weapons
 a - a +0 war axe (weapon)
Missiles
 e - 3 poisoned darts (quivered)
Armour
 c - a +0 buckler (worn)
 i - a +0 pair of boots (worn)
 j - a +0 pair of gloves (worn)
 n - a +4 ring mail (worn)
Jewellery
 k - a +6 ring of strength (left hand)
Scrolls
 b - a scroll of fog {unknown}
 f - 4 scrolls of identify {unknown}
 g - a scroll of enchant armour {unknown}
 l - 3 scrolls of teleportation {unknown}
 m - 2 scrolls of amnesia {unknown}
Potions
 d - a potion of ambrosia
 h - a potion of flight


   Skills:
 - Level 3.2 Fighting
 + Level 9.0 Axes
 - Level 3.6 Armour
 - Level 3.6 Shields


You had 6 spell levels left.
You didn't know any spells.
Your spell library was empty.

Dungeon Overview and Level Annotations

Branches:
Dungeon (7/15) Zot: 3284   Temple (0/1) D:6

Altars:
Hepliaklqana
Trog

Annotations:
D:2 Jessica


Innate Abilities, Weirdness & Mutations

You passively map a small area around you.
You are easily found by Zot.
You glow in the dark.
You regain HP and MP as you explore.


Message History

The volley of spikes hits you.
The barbed spikes become lodged in your body.
The white imp hits you but does no damage.
A wraith comes into view.
Your Axes skill increases to level 9!
Okay, then.
It was a potion of ambrosia.
You are confused.
You feel invigorated.
The white imp hits you but does no damage.
The white imp hits you but does no damage.
You feel less invigorated.
You feel less confused. The white imp gestures at you.
The puff of frost hits you but does no damage.
The manticore bites you!
The manticore claws you but does no damage. x2
The orc closely misses you. The white imp closely misses you.
The manticore bites you. You block the manticore's attack.
The manticore claws you but does no damage.
The orc barely misses you. You block the white imp's attack.
The manticore bites you.
The manticore claws you but does no damage.
The manticore barely misses you. The manticore closely misses you.
The manticore barely misses you. x2
The white imp gestures at you. The puff of frost hits you!
You are too injured to fight recklessly!
You are too injured to fight recklessly!
You are too injured to fight recklessly!
The cyan ugly thing stings you. The cyan ugly thing shocks you!
* * * LOW HITPOINT WARNING * * *
The white imp hits you but does no damage.
The manticore bites you!
* * * LOW HITPOINT WARNING * * *
You block the manticore's attack. The manticore claws you.
* * * LOW HITPOINT WARNING * * *
The cyan ugly thing stings you.
You die...

, ,* ###...###
....., #.......#*
..... ..#.... ,
......##....#...
,......#.........
, ......##<## *
#.....h#..## * ,
.....ou#...#### ,
#..oH@......#
##..5W......#
##.........# , *
,##....#...# , ,
#.#..##.## * , *
#.#### .#* * ,* ,
.. . , .#. * , #
* * * ,


You could see a cyan ugly thing, a manticore, a wraith, a black bear, a white
imp and 2 orcs.

Vanquished Creatures
  Menkaure (D:6)
  An ice beast (D:6)
  3 hounds (D:6)
  An iguana (D:6)
  2 orc wizards
  4 adders
  11 orcs
  4 ball pythons
  4 endoplasms
  A giant cockroach (D:1)
  A goblin (D:2)
  4 hobgoblins (D:2)
  2 jackals (D:2)
  3 kobolds
  A quokka (D:3)
  A bat (D:1)
  5 rats
49 creatures vanquished.

Notes
Turn   | Place    | Note
-------+----------+-------------------------------------------
     0 | D:1      | rlgrobin the Meteoran Fighter began the quest for the Orb.
     0 | D:1      | Reached XP level 1. HP: 19/19 MP: 2/2
    77 | D:1      | Reached skill level 3 in Axes
    77 | D:1      | Reached XP level 2. HP: 26/26 MP: 3/3
   244 | D:2      | Reached skill level 4 in Axes
   244 | D:2      | Reached XP level 3. HP: 27/31 MP: 4/4
   418 | D:2      | Noticed Jessica
   437 | D:3      | Reached XP level 4. HP: 27/38 MP: 5/5
   475 | D:3      | Reached skill level 5 in Axes
   514 | D:3      | Reached XP level 5. HP: 18/45 MP: 6/6
   640 | D:5      | Entered Level 5 of the Dungeon
   666 | D:6      | Noticed Menkaure
   676 | D:6      | Killed Menkaure
   677 | D:6      | Reached skill level 7 in Axes
   677 | D:6      | Reached XP level 6. HP: 21/51 MP: 7/7
   693 | D:6      | Found a hazy altar of Hepliaklqana.
   693 | D:6      | Noticed an ice beast
   705 | D:6      | Killed an ice beast
   706 | D:6      | Reached skill level 8 in Axes
   706 | D:6      | Reached XP level 7. HP: 42/57 MP: 8/8
   768 | D:6      | Found a bloodstained altar of Trog.
   789 | D:6      | Became a worshipper of Trog the Wrathful
   812 | D:6      | Found a staircase to the Ecumenical Temple.
   868 | D:7      | Noticed a manticore
   872 | D:7      | Noticed a cyan ugly thing
   873 | D:7      | Noticed a wraith
   874 | D:7      | Reached skill level 9 in Axes
   880 | D:7      | HP: 1/57 [manticore (3)]
   881 | D:7      | Slain by a cyan ugly thing

Illustrated notes

Levels and vault maps discovered:
D:1:      ncdulo_wetmaze, layout_rooms, serial_shops, nicolae_shop_stone,
          amcnicky_mini_corridor_feature
D:2:      layout_basic, st_stairs_1, uniq_jessica
D:3:      layout_loops_cross, elyvilon_altar_5, minmay_checkerbox
D:4:      layout_rooms, nicolae_concentric_dashed_squares_wild, uniq_natasha
D:5:      layout_basic, st_stairs_6, kennysheep_generic_room_16
D:6:      layout_basic, lemuel_round_altar, nicolae_overflow_crystal_walls,
          trog_book, minmay_temple_entry_hall, uniq_menkaure, uniq_blork_the_orc
D:7:      minmay_the_grid_octo_triangle [minmay_the_grid_octo_fan_narrow,
          minmay_the_grid_octo_prize_star, minmay_the_grid_octo_checkerflower],
          layout_cave_pools, nicolae_vehumet_altar_sigil,
          hangedman_decor_clover_reticule, lightli_orcish_oven

Skill      XL: |  1  2  3  4  5  6  7 |
---------------+----------------------+-----
Axes           | 3 4 5 7 8 9 |  9.0
Fighting       | |  3.2
Armour         | |  3.6
Shields        | |  3.6

Action                     |  1- 3 |  4- 6 |  7- 9 || total
---------------------------+-------+-------+-------++-------
  Melee: War axe           |    50 |    52 |    21 ||   123
    Use: Potion            |       |     4 |     1 ||     5
 Armour: Scale mail        |    27 |    22 |       ||    49
         Ring mail         |       |     5 |    16 ||    21
  Dodge: Dodged            |    26 |    10 |    14 ||    50
  Block: Buckler           |    11 |    14 |     9 ||    34

Table legend: (Time is in decaauts)
 A = Elapsed time spent in this place.
 B = Non-inter-level travel time spent in this place.
 C = Inter-level travel time spent in this place.
 D = Time resting spent in this place.
 E = Time spent auto-exploring this place.
 F = Levels seen in this place.
 G = Mean time per level.
                   A        B        C        D        E       F      G
               +--------+--------+--------+--------+--------+-----+--------+
         Total |    914 |    827 |     87 |      0 |      0 |   7 |  130.6 |
       Dungeon |    914 |    827 |     87 |      0 |      0 |   7 |  130.6 |
               +--------+--------+--------+--------+--------+-----+--------+

Top non-repeatable levels by time:
     D:2: 348 daAuts
     D:3: 226 daAuts
     D:6: 197 daAuts
     D:1: 86 daAuts
     D:5: 25 daAuts
     D:7: 22 daAuts
     D:4: 6 daAuts
